 Dungeon Crawl Stone Soup version 0.30-a0-989-g0d87f670db (webtiles) character file.

Game seed: 13333348235883503944

34 gelatine the Chiller (level 3, -4/25 HPs)
             Began as a Demonspawn Ice Elementalist on Apr 2, 2023.
             Was a Follower of Trog.
             Slain by a worm (9 damage)
             ... on level 2 of the Dungeon.
             The game lasted 00:03:23 (1169 turns).

gelatine the Chiller (Demonspawn Ice Elementalist)  Turns: 1169, Time: 00:03:24

Health: -4/25      AC:  2    Str:  8    XL:     3   Next: 14%
Magic:  6/6        EV: 12    Int: 16    God:    Trog [*.....]
Gold:   23         SH:  0    Dex: 15    Spells: 5/6 levels left

rFire   . . .      SeeInvis .    h - +0 falchion
rCold   . . .      Faith    .    (no shield)
rNeg    + . .      Spirit   .    a - +0 robe
rPois   .          Reflect  .    (no helmet)
rElec   .          Rampage  .    (no cloak)
rCorr   .                        (no gloves)
Will    .....                    (no boots)
Stlth   ++                       (no amulet)
HPRegen 0.24/turn                d - ring of positive energy
MPRegen 0.10/turn                (no ring)

@: no status effects
A: powered by death 1, sturdy frame 1
a: Renounce Religion, Berserk


You were on level 2 of the Dungeon.
You worshipped Trog.
Trog was aware of your devotion.
You visited 1 branch of the dungeon, and saw 2 of its levels.

You collected 23 gold pieces.

Inventory:

Hand Weapons
 e - a +0 long sword
 h - a +0 falchion (weapon)
Missiles
 f - 6 curare-tipped darts
Armour
 a - a +0 robe (worn)
Jewellery
 d - a ring of positive energy (left hand)
Scrolls
 g - a scroll of magic mapping {unknown}
Potions
 b - a potion of magic
 c - 2 potions of brilliance {unknown}
 i - a potion of berserk rage {unknown}


   Skills:
 * Level 0.3 Fighting
 * Level 0.2 Long Blades
 * Level 0.5 Armour
 * Level 2.0 Dodging
 * Level 1.9 Stealth
 - Level 2.4 Spellcasting
 - Level 4.0 Ice Magic


You had 5 spell levels left.
You knew the following spells:

 Your Spells              Type           Power      Damage    Failure   Level
a - Freeze                Ice            56%        1d7       3%          1

Your spell library contained the following spells:

 Spells                   Type           Power      Damage    Failure   Level
 Frozen Ramparts          Ice            28%        1d5       12%         3
 Ozocubu's Armour         Ice            14%        N/A       12%         3
 Ensorcelled Hibernation  Hex/Ice        16%        N/A       13%         2
 Apportation              Tloc           2%         N/A       21%         1
 Necrotise                Necr           4%         1d4       21%         1
 Summon Small Mammal      Summ           4%         N/A       21%         1
 Passwall                 Tmut/Erth      0%         N/A       30%         2
 Swiftness                Air            1%         N/A       52%         3
 Summon Ice Beast         Ice/Summ       8%         N/A       65%         4


Dungeon Overview and Level Annotations

Branches:
Dungeon (2/15)

Altars:
Trog


Innate Abilities, Weirdness & Mutations

You regenerate a little health from kills.
Your movements are slightly less encumbered by armour. (ER -2)


Message History

You slash the giant cockroach!
You kill the giant cockroach!
Trog accepts your kill.
An endoplasm comes into view.
The endoplasm quivers.
Found a fizzy ruby potion.
The endoplasm barely misses you.
You slash the endoplasm!
You kill the endoplasm!
Trog accepts your kill.
i - a fizzy ruby potion
Found a stone staircase leading down.
A worm comes into view.
Found 10 gold pieces.
The helpless worm fails to defend itself.
You hit the worm.
The worm is lightly wounded.
You hit the worm.
The worm is moderately wounded.
The worm bites you!
You hit the worm but do no damage.
The worm is moderately wounded.
The worm bites you!
* * * LOW HITPOINT WARNING * * *
You hit the worm but do no damage.
The worm is moderately wounded.
The worm bites you.
* * * LOW HITPOINT WARNING * * *
You barely miss the worm.
The worm is moderately wounded.
The worm barely misses you.
You hit the worm.
The worm is moderately wounded.
You completely miss the worm.
The worm is moderately wounded.
The worm barely misses you.
You barely miss the worm. You punch the worm.
The worm is moderately wounded.
The worm bites you!
You die...

..$. ...# #...
...# #..# #
#..# # #. #w.#
.###.##@.#
.........#####.
###............
##.##.#######
#......#
#.>....#
#......#
#......#
#######......#


You could see a worm.

Vanquished Creatures
  A dart slug (D:1)
  2 endoplasms
  4 giant cockroaches
  4 goblins
  3 hobgoblins (D:1)
  2 ball pythons (D:1)
  6 bats
  5 kobolds (D:1)
  2 rats (D:1)
29 creatures vanquished.

Vanquished Creatures (others)
  4 fungi (D:1)
  5 plants (D:1)
9 creatures vanquished.

Grand Total: 38 creatures vanquished

Notes
Turn   | Place    | Note
-------+----------+-------------------------------------------
     0 | D:1      | gelatine the Demonspawn Ice Elementalist began the quest
                  | for the Orb.
     0 | D:1      | Reached XP level 1. HP: 13/13 MP: 3/3
   208 | D:1      | Gained mutation: Your movements are slightly less
                  | encumbered by armour. (ER -2) [demonic ancestry]
   208 | D:1      | Reached XP level 2. HP: 19/19 MP: 3/5
   533 | D:1      | Reached skill level 4 in Ice Magic
   791 | D:1      | Found a faded altar of an unknown god.
   806 | D:1      | Prayed at the altar of an unknown god.
   806 | D:1      | Became a worshipper of Trog the Wrathful
   806 | D:1      | Reached * piety under Trog
   943 | D:1      | Gained mutation: You regenerate a little health from kills.
                  | [demonic ancestry]
   943 | D:1      | Reached XP level 3. HP: 19/24 MP: 6/6
  1169 | D:2      | Slain by a worm

Illustrated notes

Levels and vault maps discovered:
D:1:      dpeg_arrival_castle, layout_loops_ring,
          dreamdust_ecumenical_altar_hidden_monk_grotto,
          minmay_worlds_worst_comb
D:2:      layout_loops_ring, palyth_stone_intersect, dk_noncrumbling_2

Skill      XL: |  1  2 |
---------------+-------+-----
Ice Magic      | 4 |  4.0
Dodging        | 2 |  2.0
Fighting       | |  0.3
Long Blades    | |  0.2
Armour         | |  0.5
Stealth        | |  1.9
Spellcasting   | |  2.4

Action                     || total
---------------------------++-------
  Melee: Unarmed           ||     7
         Long sword        ||    20
         Falchion          ||    10
         Punch             ||     1
   Cast: Freeze            ||    33
   Stab: Sleeping          ||     2
 Armour: Robe              ||     6
  Dodge: Dodged            ||    49

Table legend: (Time is in decaauts)
 A = Elapsed time spent in this place.
 B = Non-inter-level travel time spent in this place.
 C = Inter-level travel time spent in this place.
 D = Time resting spent in this place.
 E = Time spent auto-exploring this place.
 F = Levels seen in this place.
 G = Mean time per level.
                   A        B        C        D        E       F      G
               +--------+--------+--------+--------+--------+-----+--------+
         Total |   1183 |   1131 |     52 |      0 |    861 |   2 |  591.5 |
       Dungeon |   1183 |   1131 |     52 |      0 |    861 |   2 |  591.5 |
               +--------+--------+--------+--------+--------+-----+--------+

Top non-repeatable levels by time:
     D:1: 1050 daAuts
     D:2: 133 daAuts
